 Dungeon Crawl Stone Soup version 0.30-a0-371-gad7725a93e (webtiles) character file.

Game seed: 7816907429896675985

74 Haldmier the Caller (level 4, 0/24 HPs)
             Began as a Tengu Summoner on Nov 23, 2022.
             Slain by Crazy Yiuf
             ... wielding a +4 quarterstaff of chaos
              (9 damage)
             ... on level 2 of the Dungeon.
             The game lasted 00:09:07 (1791 turns).

Haldmier the Caller (Tengu Summoner)                Turns: 1791, Time: 00:09:08

Health: 0/24       AC:  2    Str:  8    XL:     4   Next: 28%
Magic:  8/8        EV: 13    Int: 17    God:
Gold:   79         SH:  0    Dex: 15    Spells: 1/7 levels left

rFire   . . .      SeeInvis .    d - +0 sling
rCold   . . .      Faith    .    (no shield)
rNeg    . . .      Spirit   .    a - +0 robe
rPois   .          Reflect  .    (helmet restricted)
rElec   .          Harm     .    (no cloak)
rCorr   .          Rampage  .    (no gloves)
Will    .....                    (boots unavailable)
Stlth   ++........               (no amulet)
HPRegen 0.24/turn                (no ring)
MPRegen 0.11/turn                (no ring)

@: slowed, very slow
A: beak, talons 3
a: no special abilities


You were on level 2 of the Dungeon.
You visited 1 branch of the dungeon, and saw 2 of its levels.

You collected 79 gold pieces.

Inventory:

Hand Weapons
 d - a +0 sling (weapon)
 e - a +1 dagger of freezing
 p - the +4 dagger of Eternity {venom, *Rage rElec Str+3}
   (You found it on level 2 of the Dungeon)

   It poisons the flesh of those it strikes.
   Str:       It affects your strength (+3).
   rElec:     It insulates you from electricity.
   *Rage:     It berserks you when you make melee attacks (+20% chance).
Armour
 a - a +0 robe (worn)
 g - an orb of wrath
Magical Staves
 m - a staff of fire
Scrolls
 h - 4 scrolls of identify {unknown}
 i - a scroll of blinking {unknown}
 l - a scroll of brand weapon {unknown}
 q - a scroll of immolation {unknown}
 r - a scroll of vulnerability {unknown}
 s - a scroll of teleportation {unknown}
Potions
 b - a potion of magic
 c - a potion of resistance {unknown}
 f - 2 potions of haste {unknown}
 j - 2 potions of attraction {unknown}
 k - 2 potions of invisibility {unknown}
 n - a potion of flight {unknown}
 o - a potion of lignification {unknown}


   Skills:
 + Level 3.0 Dodging
 + Level 2.8 Stealth
 + Level 2.0 Spellcasting
 * Level 5.9 Summonings


You had one spell level left.
You knew the following spells:

 Your Spells              Type           Power      Damage    Failure   Level
a - Summon Small Mammal   Summ           88%        N/A       1%          1
b - Call Imp              Summ           22%        N/A       2%          2
c - Call Canine Familiar  Summ           22%        N/A       4%          3

Your spell library contained the following spells:

 Spells                   Type           Power      Damage    Failure   Level
 Summon Guardian Golem    Hex/Summ       11%        N/A       17%         3
 Inner Flame              Hex/Fire       1%         N/A       50%         3
 Summon Lightning Spire   Summ/Air       11%        N/A       50%         4
 Flame Wave               Conj/Fire      1%         2d4       88%         4
 Sticky Flame             Conj/Fire      1%         2d3       88%         4


Dungeon Overview and Level Annotations

Branches:
Dungeon (2/15)

Altars:

Shops:
D:1 [

Annotations:
D:2 Crazy Yiuf


Innate Abilities, Weirdness & Mutations

You have a beak for a mouth.
You have claws for feet.


Message History

You shoot a sling bullet. The sling bullet hits the jackal.
You kill the jackal!
A bat comes into view.
Fire: d) +0 sling
Press: ? - help, Q - select action, (/) - cycle Shift-Dir - straight line, f - bat
Aim: a bat (asleep, ally target, 98% to hit)
You shoot a sling bullet. The sling bullet hits the bat.
The bat is severely wounded.
Your hound disappears in a puff of smoke!
Fire: d) +0 sling
Press: ? - help, Q - select action, (/) - cycle Shift-Dir - straight line, f/p - bat
Aim: a bat (moderately wounded, 37% to hit)
You shoot a sling bullet.
The sling bullet closely misses the bat.
The bat hits you but does no damage.
Fire: d) +0 sling
Press: ? - help, Q - select action, (/) - cycle Shift-Dir - straight line, f/p - bat
Aim: a bat (moderately wounded, 37% to hit)
You shoot a sling bullet. The sling bullet barely misses the bat.
The bat barely misses you. x2
Fire: d) +0 sling
Press: ? - help, Q - select action, (/) - cycle Shift-Dir - straight line, f/p - bat
Aim: a bat (moderately wounded, 37% to hit)
You shoot a sling bullet. The sling bullet hits the bat.
You kill the bat!
Found a stone staircase leading up.
Found an escape hatch in the floor.
Crazy Yiuf shouts!
Press: ? - help, v - describe, . - travel, g - get item Item here: a hammer.
The floor.
You open the door. Crazy Yiuf attacks as you move away!
Crazy Yiuf hits you with a +4 quarterstaff of chaos!
Ouch! That really hurt!
You feel yourself slow down. Crazy Yiuf attacks as you move away!
Crazy Yiuf barely misses you. Crazy Yiuf attacks as you move away!
Crazy Yiuf completely misses you.
Crazy Yiuf hits you with a +4 quarterstaff of chaos!
You die...

#♣.P..P♣♣........#
#.####♣.....♣
.♣..PP.♣♣........#
##.##........#
#♣♣P..♣♣♣........#
#..#..#♣#♣#♣#♣
#.♣♣P.♣♣.........#
#.#..##
#..♣♣.♣#.........#
#...##
...........#######
##### #######..<.#
#....##♣♣♣♣♣
#.....#P.♣@♣♣♣ ###
#.......P.♣g.♣#...#
#.#.....P♣♣♣♣.'...#
#.##..#P♣♣ ♣♣#..)#
#.#####♣♣ ### #.#
#.# #######.#
........#


You could see Crazy Yiuf.

Vanquished Creatures
  A dart slug (D:1)
  3 ball pythons (D:1)
  5 bats
  2 endoplasms (D:1)
  2 giant cockroaches
  2 goblins
  3 hobgoblins (D:2)
  2 jackals (D:2)
  A quokka (D:2)
  5 frilled lizards (D:1)
  4 kobolds (D:1)
  3 rats
33 creatures vanquished.

Vanquished Creatures (collateral kills)
  Jessica (D:2)
  An endoplasm (D:1)
  2 goblins
  2 hobgoblins (D:1)
  2 quokkas
  2 ball pythons (D:1)
  A rat (D:1)
11 creatures vanquished.

Grand Total: 44 creatures vanquished

Notes
Turn   | Place    | Note
-------+----------+-------------------------------------------
     0 | D:1      | Haldmier the Tengu Summoner began the quest for the Orb.
     0 | D:1      | Reached XP level 1. HP: 10/10 MP: 4/4
    82 | D:1      | Reached skill level 5 in Summonings
    87 | D:1      | Reached XP level 2. HP: 15/15 MP: 6/6
   455 | D:1      | Reached XP level 3. HP: 7/19 MP: 4/7
   509 | D:1      | Learned a level 2 spell: Call Imp
   513 | D:1      | Learned a level 3 spell: Call Canine Familiar
   677 | D:1      | Found Caitz's Antique Armour Shop.
   847 | D:2      | Identified the +4 dagger of Eternity {venom, *Rage rElec
                  | Str+3}
  1398 | D:2      | Noticed Jessica
  1405 | D:2      | Killed Jessica
  1406 | D:2      | Reached XP level 4. HP: 12/24 MP: 2/8
  1525 | D:2      | Found a runed translucent door.
  1526 | D:2      | Noticed Crazy Yiuf
  1791 | D:2      | Slain by Crazy Yiuf

Illustrated notes

Levels and vault maps discovered:
D:1:      dpeg_arrival_tiny_f, layout_loops_cross, serial_shops,
          nicolae_shop_trees
D:2:      layout_basic, serial_forest, infiniplex_forest_end_3,
          infiniplex_forest_end_2, infiniplex_forest_lined_room_2,
          infiniplex_forest_lined_room_, uniq_crazy_yiuf_cottage, uniq_jessica

Skill      XL: |  1  2  3 |
---------------+----------+-----
Summonings     | 5 |  5.9
Dodging        | 3 |  3.0
Stealth        | |  2.8
Spellcasting   | |  2.0

Action                   |  1- 3 |  4- 6 || total
-------------------------+-------+-------++-------
Melee: Unarmed           |     3 |       ||     3
       Kick              |     1 |       ||     1
 Fire: Sling             |   114 |     7 ||   121
 Cast: Summon Small Mamm |    13 |       ||    13
       Call Canine Famil |     4 |     1 ||     5
       Call Imp          |     2 |       ||     2
Armor: Robe              |    22 |     1 ||    23
Dodge: Dodged            |    51 |     4 ||    55

Table legend: (Time is in decaauts)
 A = Elapsed time spent in this place.
 B = Non-inter-level travel time spent in this place.
 C = Inter-level travel time spent in this place.
 D = Time resting spent in this place.
 E = Time spent auto-exploring this place.
 F = Levels seen in this place.
 G = Mean time per level.
                   A        B        C        D        E       F      G
               +--------+--------+--------+--------+--------+-----+--------+
         Total |   1839 |   1817 |     22 |    277 |   1042 |   2 |  919.5 |
       Dungeon |   1839 |   1817 |     22 |    277 |   1042 |   2 |  919.5 |
               +--------+--------+--------+--------+--------+-----+--------+

Top non-repeatable levels by time:
     D:2: 1003 daAuts
     D:1: 835 daAuts
